 Dungeon Crawl Stone Soup version 0.26.1-11-gd32895ea62 (webtiles) character file.

Game seed: 16496825029880425404

19224 nomophobia the Cleaver (level 12, -16/97 HPs)
             Began as a Demonspawn Berserker on May 23, 2021.
             Was a High Priest of Trog.
             Demolished by an orc warrior
             ... wielding a +0 scimitar
              (28 damage)
             ... on level 1 of the Orcish Mines.
             The game lasted 01:45:19 (14907 turns).

nomophobia the Cleaver (Demonspawn Berserker)      Turns: 14907, Time: 01:45:19

Health: -16/97     AC: 27    Str: 21    XL:     12   Next: 34%
Magic:  12/12      EV:  8    Int:  9    God:    Trog [*****.]
Gold:   1414       SH:  0    Dex: 17    Spells: 11/11 levels left

rFire    . . .     SeeInvis .   k - +2 hand axe (vorpal)
rCold    + . .     Faith    +   (no shield)
rNeg     + . .     Spirit   .   g - +1 plate armour {rN+}
rPois    .         Reflect  .   a - +0 hat
rElec    .         Harm     .   c - +0 cloak
rCorr    .         Rampage  .   A - +2 pair of gloves {Dex+3}
Will     .....                  u - +0 pair of boots
Stlth    ..........             p - amulet of faith
HPRegen  0.26/turn              (no ring)
MPRegen  0.13/turn              (no ring)

@: berserk cooldown, slowed, very slow
A: hooves 2, icy blue scales 3, demonic guardian 1
a: Renounce Religion, Berserk, Trog's Hand, Brothers in Arms


You were on level 1 of the Orcish Mines.
You worshipped Trog.
Trog was extremely pleased with you.
You visited 2 branches of the dungeon, and saw 13 of its levels.

You collected 1414 gold pieces.

Inventory:

Hand Weapons
 k - a +2 vorpal hand axe (weapon)
 t - a +0 vorpal broad axe
Armour
 a - a +0 hat (worn)
 c - a +0 cloak (worn)
 g - a +1 plate armour of positive energy (worn)
 j - +0 acid dragon scales
 u - a +0 pair of boots (worn)
 A - a +2 pair of gloves of dexterity (worn)
 F - a +1 plate armour of fire resistance
Jewellery
 h - the amulet "Bypokos" {Inacc Fragile rPois rF- rN+++, unknown}
   (You found it on level 11 of the Dungeon)

   [amulet of inaccuracy]

   It reduces the accuracy of all your attacks.
   It makes you vulnerable to fire.
   It protects you from poison.
   It renders you almost immune to negative energy.
   It will be destroyed if unequipped.
 p - an amulet of faith (around neck)
 x - a +4 ring of protection {unknown}
Wands
 m - a wand of flame (77)
 v - a wand of iceblast (27)
 w - a wand of disintegration (27)
Scrolls
 e - a scroll of blinking
 i - 4 scrolls of teleportation
 l - 8 scrolls of remove curse
 o - 2 scrolls of enchant armour
 s - 4 scrolls of fear
Potions
 b - 7 potions of curing
 d - a potion of invisibility
 n - 2 potions of haste {unknown}
 q - 2 potions of berserk rage {unknown}
 r - a potion of magic {unknown}
 z - 2 potions of flight {unknown}
 B - a potion of brilliance {unknown}
 C - a potion of experience {unknown}
 D - a potion of degeneration {unknown}


   Skills:
 + Level 10.0 Fighting
 + Level 12.0 Axes
 + Level 11.9 Armour
 - Level 1.7 Dodging


You had 11 spell levels left.
You didn't know any spells.
Your spell library was empty.

Dungeon Overview and Level Annotations

Branches:
Dungeon (12/15)            Temple (0/1) D:5            Lair (0/6) D:8
    Orc (1/2) D:12

Altars:
Trog
Xom
Yredelemnul

Shops:
D:5 ?

Annotations:
D:4 Grinder


Innate Abilities, Weirdness & Mutations

You have hoof-like feet.
You are completely covered in icy blue scales. (AC +4, rC+)
A weak demonic guardian rushes to your aid.


Message History

Your ufetubus closely misses the orc warrior.
Your ufetubus barely misses the orc warrior.
The warg barely misses you.
The orc warrior hits you with a +0 scimitar!
* * * LOW HITPOINT WARNING * * *
Your ufetubus barely misses the orc warrior.
Your ufetubus misses the orc warrior.
The deep elf archer shoots an arrow.
The arrow hits you.
* * * LOW HITPOINT WARNING * * *
Your deep troll goes berserk!
The orc warlord no longer looks unusually strong.
The warg completely misses you.
Your ufetubus hits the orc warrior but does no damage.
Your ufetubus barely misses the orc warrior.
The ogre hits you with a +0 giant club.
* * * LOW HITPOINT WARNING * * *
An orc wizard comes into view. It is wielding a -3 dagger.
The warg barely misses you.
The orc warrior hits you with a +0 scimitar!!
You die...

###........)).# # #
#...........## .# $#
##........)## #.#...
##......^...###......
#....................
#....................
#.....#.#............#
###########..e....#.##
##@.T..### #Oho......#
#()5.......
#ooo.....>..
..[...oo..##......
.O.......## ......
..O..#.... #....
....###...# .. #.##
#...#


You could see an orc warlord, an orc knight (strong), a deep elf archer (repels
missiles), a warg, an orc warrior (strong), an ogre, an orc wizard, 2 orcs, a
friendly deep troll (summoned, berserk) and a friendly ufetubus (summoned).

Vanquished Creatures
  2 boulder beetles (D:11)
  3 two-headed ogres
  Pikel (D:9)
  An orc knight (Orc:1)
  An orc sorcerer (Orc:1)
  A deep elf mage (Orc:1)
  Maurice (D:9)
  A kobold demonologist (D:12)
  A redback (D:11)
  A wraith (D:11)
  A shadow (D:11)
  34 yaks
  Menkaure (D:4)
  Edmund (D:6)
  An acid dragon (D:10)
  3 wargs
  A water moccasin (D:9)
  8 orc warriors
  4 ice beasts
  A black bear (D:8)
  2 necrophages
  4 sky beasts
  3 ogres
  A lemure (D:9)
  5 centaurs
  2 big kobolds
  3 bullfrogs
  A wyvern zombie (D:10)
  A gnoll sergeant (D:4)
  A water moccasin zombie (D:5)
  A water moccasin skeleton (D:8)
  4 scorpions
  11 killer bees
  11 wights
  A howler monkey (D:5)
  2 centaur zombies
  A quasit (D:8)
  3 jellies
  7 orc priests
  A bullfrog skeleton (D:5)
  3 centaur skeletons
  5 hounds
  14 orc wizards
  2 iguanas
  9 worker ants
  A killer bee zombie (D:8)
  A hound skeleton (D:5)
  2 worker ant zombies
  Robin (D:4)
  A howler monkey skeleton (D:6)
  11 gnolls
  13 adders
  3 shadow imps
  A white imp (D:7)
  3 ufetubi
  An ooze (D:3)
  2 worms (D:2)
  2 dart slugs
  3 leopard geckos
  32 orcs
  7 giant cockroaches
  9 goblins
  6 hobgoblins
  16 jackals
  15 kobolds
  3 quokkas
  6 ball pythons
  8 bats
  2 frilled lizards
  A leopard gecko skeleton (D:5)
  A leopard gecko zombie (D:4)
  A quokka skeleton (D:8)
  A quokka zombie (D:7)
  7 rats
  A spectral orc (D:3)
  4 toadstools (D:1)
331 creatures vanquished.

Vanquished Creatures (collateral kills)
  An orc high priest (Orc:1)
  2 orc sorcerers (D:8)
  A deep elf mage (Orc:1)
  A troll (D:9)
  A jumping spider (D:11)
  Prince Ribbit (D:9)
  A redback (D:11)
  2 yaks (D:9)
  2 wargs
  3 orc warriors
  2 ogres
  An eye of draining (D:10)
  A bullfrog (D:8)
  4 killer bees (D:8)
  A howler monkey (D:4)
  2 orc priests (D:5)
  A gnoll shaman (D:6)
  2 orc wizards
  A killer bee zombie (D:8)
  2 gnolls (D:6)
  2 adders
  3 orcs
  A giant cockroach (D:8)
38 creatures vanquished.

Vanquished Creatures (others)
  A troll (D:11)
  A hound (D:11)
  An orc (D:11)
  A plant (D:12)
4 creatures vanquished.

Grand Total: 373 creatures vanquished

Notes
Turn   | Place    | Note
-------+----------+-------------------------------------------
     0 | D:1      | nomophobia the Demonspawn Berserker began the quest for the
                  | Orb.
     0 | D:1      | Reached XP level 1. HP: 18/18 MP: 1/1
   222 | D:1      | Reached skill level 3 in Axes
   228 | D:1      | Gained mutation: You have large cloven feet. [demonic
                  | ancestry]
   228 | D:1      | Reached XP level 2. HP: 22/24 MP: 2/2
   998 | D:2      | Reached ** piety under Trog
   999 | D:2      | Reached XP level 3. HP: 27/29 MP: 3/3
  2190 | D:3      | Gained mutation: You are partially covered in icy blue
                  | scales. (AC +2) [demonic ancestry]
  2190 | D:3      | Reached XP level 4. HP: 33/35 MP: 4/4
  2507 | D:3      | Reached skill level 4 in Axes
  2907 | D:3      | Gained mutation: A weak demonic guardian rushes to your
                  | aid. [demonic ancestry]
  2907 | D:3      | Reached XP level 5. HP: 41/41 MP: 5/5
  3098 | D:3      | Found a basalt altar of Yredelemnul.
  3373 | D:4      | Reached *** piety under Trog
  3924 | D:4      | Gained mutation: You have hoof-like feet. [demonic
                  | ancestry]
  3924 | D:4      | Reached XP level 6. HP: 47/47 MP: 6/6
  3928 | D:4      | Noticed Robin
  3939 | D:4      | Killed Robin
  4343 | D:4      | Noticed Menkaure
  4343 | D:4      | Noticed Grinder
  4366 | D:4      | Paralysed by Grinder for 6 turns
  4372 | D:4      | HP: 2/47 [Menkaure (3)]
  4373 | D:4      | Killed Menkaure
  4374 | D:4      | Reached skill level 5 in Axes
  4379 | D:4      | HP: 1/47 [Grinder/nerve-wracking pain (3)]
  4419 | D:4      | HP: 1/47 [Grinder/nerve-wracking pain (6)]
  4443 | D:4      | HP: 2/47 [Grinder/nerve-wracking pain (3)]
  4875 | D:4      | Reached skill level 5 in Armour
  4875 | D:4      | Reached XP level 7. HP: 52/52 MP: 7/7
  4976 | D:5      | Entered Level 5 of the Dungeon
  5191 | D:5      | Found Umpil's Magic Scroll Boutique.
  5221 | D:5      | Reached skill level 6 in Axes
  5283 | D:5      | Found a staircase to the Ecumenical Temple.
  5788 | D:5      | Reached XP level 8. HP: 53/58 MP: 8/8
  5792 | D:5      | Reached **** piety under Trog
  6274 | D:6      | Reached skill level 7 in Axes
  6497 | D:6      | Noticed Edmund
  6505 | D:6      | Killed Edmund
  6607 | D:6      | Reached skill level 8 in Axes
  7125 | D:6      | Gained mutation: You are mostly covered in icy blue scales.
                  | (AC +3) [demonic ancestry]
  7125 | D:6      | Reached XP level 9. HP: 55/63 MP: 9/9
  8065 | D:7      | Reached ***** piety under Trog
  8465 | D:8      | Reached skill level 9 in Axes
  8468 | D:8      | Found a staircase to the Lair.
  8504 | D:8      | Noticed a two-headed ogre
  8521 | D:8      | Killed a two-headed ogre
  8676 | D:8      | Noticed an orc sorcerer
  8676 | D:8      | Noticed an orc sorcerer
  8682 | D:8      | Paralysed by an orc sorcerer for 2 turns
  8687 | D:8      | Paralysed by an orc sorcerer for 7 turns
  8687 | D:8      | Killed an orc sorcerer
  8688 | D:8      | Reached skill level 5 in Fighting
  8688 | D:8      | Reached XP level 10. HP: 74/74 MP: 10/10
  8690 | D:8      | Killed an orc sorcerer
  9338 | D:9      | Reached skill level 10 in Axes
  9387 | D:9      | Noticed Prince Ribbit
  9390 | D:9      | Killed Prince Ribbit
  9515 | D:9      | Reached skill level 10 in Armour
  9847 | D:9      | Noticed Pikel
  9861 | D:9      | Killed Pikel
  9867 | D:9      | Reached XP level 11. HP: 77/84 MP: 11/11
 10285 | D:9      | Noticed Maurice
 10290 | D:9      | Killed Maurice
 10436 | D:10     | Entered Level 10 of the Dungeon
 10465 | D:10     | Identified a scroll of acquirement
 10465 | D:10     | Acquired 462 gold pieces
 10965 | D:10     | Found a bloodstained altar of Trog.
 11162 | D:10     | Reached skill level 11 in Axes
 11234 | D:10     | Received a gift from Trog
 11483 | D:10     | Noticed a two-headed ogre
 11492 | D:10     | Killed a two-headed ogre
 12254 | D:11     | Found a shimmering altar of Xom.
 12895 | D:11     | Found a runed translucent door.
 13024 | D:11     | HP: 3/87 [poisoned by a redback]
 13050 | D:11     | Noticed a boulder beetle
 13053 | D:11     | Noticed a boulder beetle
 13229 | D:11     | Killed a boulder beetle
 13245 | D:11     | Killed a boulder beetle
 13250 | D:11     | Got a steaming zirconium amulet
 14007 | D:12     | Noticed a two-headed ogre
 14018 | D:12     | Gained mutation: You are completely covered in icy blue
                  | scales. (AC +4, rC+) [demonic ancestry]
 14018 | D:12     | Reached XP level 12. HP: 95/95 MP: 12/12
 14025 | D:12     | Killed a two-headed ogre
 14133 | D:12     | Found a staircase to the Orcish Mines.
 14179 | Orc:1    | Entered Level 1 of the Orcish Mines
 14894 | Orc:1    | Reached skill level 12 in Axes
 14895 | Orc:1    | Noticed an orc high priest
 14895 | Orc:1    | Noticed an orc warlord
 14898 | Orc:1    | Reached skill level 10 in Fighting
 14900 | Orc:1    | Killed an orc high priest
 14907 | Orc:1    | Demolished by an orc warrior

Illustrated notes

Levels and vault maps discovered:
D:1:      ldierk_water_garden, layout_loops_ring
D:2:      layout_basic
D:3:      layout_basic, yredelemnul_forgotten_temple_becter, st_stairs_9
D:4:      layout_loops_corners, serial_park_tiny_1,
          chequers_serial_rivers_large_a, lightli_minifort, uniq_menkaure,
          uniq_robin, uniq_grinder
D:5:      layout_basic, minmay_temple_entry_ruins, serial_shops, shop
D:6:      layout_basic, uniq_edmund
D:7:      layout_basic
D:8:      cheibrodos_wizards_tower, layout_gridville, erik_lair_orcish_takeover
D:9:      layout_roguey, uniq_prince_ribbit1, uniq_pikel, uniq_maurice
D:10:     layout_irregular_city, basic_altar
D:11:     gammafunk_indiana_jones, layout_grid_maze, xom_confusion_cloud
D:12:     layout_long_grid, david_orc_3, gammafunk_ghost_fury_of_okawaru,
          serial_shops, kennysheep_mini_moat, minmay_tree_intersection,
          serial_bayou_lagoon_a, uniq_nessos
Orc:1:    layout_diamond_mine, elf_legates

Skill      XL: |  1  2  3  4  5  6  7  8  9 10 11 12 |
---------------+-------------------------------------+-----
Armour         | 2 3 4 5 6 7 9 10 11 | 11.9
Axes           | 3 4 5 6 8 9 10 11 12 | 12.0
Fighting       | 5 7 9 10 | 10.0
Dodging        | |  1.7

Action                   |  1- 3 |  4- 6 |  7- 9 | 10-12 || total
-------------------------+-------+-------+-------+-------++-------
Melee: Hand axe          |   125 |   164 |   259 |   461 ||  1009
       Kick              |    26 |    32 |    79 |   168 ||   305
Invok: Berserk           |     1 |     2 |     8 |    15 ||    26
       Brothers in Arms  |       |       |     3 |     8 ||    11
       Trog's Hand       |       |       |       |     1 ||     1
  Use: Scroll            |     8 |     3 |     8 |     5 ||    24
       Potion            |       |       |       |     3 ||     3
 Stab: Distracted        |       |       |     3 |     4 ||     7
       Confused          |       |       |       |     1 ||     1
Armor: Animal skin       |    17 |       |       |       ||    17
       Scale mail        |    18 |       |       |       ||    18
       Chain mail        |    31 |    97 |   152 |   199 ||   479
       Plate armour      |       |       |       |    23 ||    23
Dodge: Dodged            |    88 |    64 |   103 |   173 ||   428
